 Dungeon Crawl Stone Soup version 0.21.0-3-g78d12a8 (webtiles) character file.

10784 Monsterracer the Cleaver (level 11, -4/99 HPs)
             Began as a Minotaur Wanderer on Jan 9, 2018.
             Was the Champion of Jiyva.
             Slain by a seven-headed hydra (5 damage)
             ... on level 2 of the Lair of Beasts.
             The game lasted 00:26:11 (11271 turns).

Monsterracer the Cleaver (Minotaur Wanderer)       Turns: 11271, Time: 00:26:12

Health: -4/99      AC: 18    Str: 21    XL:     11   Next: 40%
Magic:  10/10      EV:  9    Int:  9    God:    Jiyva [******]
Gold:   262        SH:  0    Dex:  9    Spells: 10/10 levels left

rFire    + . .     SeeInvis .   w - +0 flail (protect)
rCold    + . .     Gourm    .   (no shield)
rNeg     . . .     Faith    .   p - +0 plate armour
rPois    +         Spirit   .   m - +2 hat
rElec    .         Reflect  .   d - +1 cloak
rCorr    +         Harm     .   h - +1 pair of gloves
MR       .....                  (no boots)
Stlth    ..........             (no amulet)
HPRegen  0.26/turn              o - ring of poison resistance {!d}
MPRegen  0.12/turn              r - +2 ring of evasion

@: no status effects
A: retaliatory headbutt, horns 2, molten scales 1, cold resistance 1, fire
resistance 1, pseudopods 1, tendrils, jelly sensing items
a: Request Jelly, Slimify, Cure Bad Mutation, Renounce Religion


You were on level 2 of the Lair of Beasts.
You worshipped Jiyva.
Jiyva was exalted by your worship.
You were very full.

You visited 2 branches of the dungeon, and saw 12 of its levels.
You also visited: Ossuary.

You collected 328 gold pieces.
You spent 66 gold pieces at shops.

Inventory:

Hand Weapons
 a - a +0 hand axe
 b - a +3 hand crossbow
 w - a +0 flail of protection (weapon)
Missiles
 i - 22 bolts
Armour
 d - a +1 cloak (worn)
 h - a +1 pair of gloves (worn)
 m - a +2 hat (worn)
 p - a +0 plate armour (worn)
Jewellery
 n - an uncursed ring of ice
 o - a ring of poison resistance (left hand) {!d}
 r - a +2 ring of evasion (right hand)
Wands
 e - a wand of acid (4)
 q - a wand of enslavement (16)
Scrolls
 c - 9 scrolls of teleportation
 s - 5 scrolls of remove curse
 v - a scroll of blinking
 y - a scroll of magic mapping {!r}
Potions
 g - a potion of brilliance
 j - 2 potions of curing
 k - a potion of berserk rage {unknown}
 l - 2 potions of heal wounds
 t - 2 potions of flight
 u - a potion of lignification
 x - a potion of agility {unknown}
Comestibles
 f - 11 rations
 z - 10 chunks of flesh


   Skills:
 + Level 10.0 Fighting
 * Level 13.0 Axes
 - Level 10.0 Crossbows
 - Level 1.0 Throwing
 + Level 10.2 Armour
 - Level 1.0 Stealth


You had 10 spell levels left.
You didn't know any spells.

Dungeon Overview and Level Annotations

Branches:
Dungeon (10/15)            Temple (0/1) D:5            Lair (2/6) D:10
  Swamp: Lair:2-4    Shoals: Lair:2-4     Snake: Lair:2-4    Spider: Lair:2-4
    Orc: D:9-12

Altars:
Elyvilon
Fedhas
Ru
Trog
Zin
The Shining One
Jiyva

Shops:
D:4 :(?   D:7 *


Innate Abilities, Weirdness & Mutations

You reflexively headbutt those who attack you in melee.
You have a pair of horns on your head.
You are partially covered in molten scales. (AC +2)
Your flesh is cold resistant. (rC+)
Your flesh is heat resistant. (rF+)
Armour fits poorly on your pseudopods.
You are covered in slimy tendrils that may disarm your opponents.
You have a small jelly attached to you that senses nearby items.


Message History

You take 23 damage, and have 33/99 hp.
MASSIVE DAMAGE!!
You hit the seven-headed hydra.
The seven-headed hydra is heavily wounded.
The seven-headed hydra bites you but does no damage.
The seven-headed hydra bites you.
* * * LOW HITPOINT WARNING * * *
The seven-headed hydra bites you but does no damage. x3
The seven-headed hydra bites you.
* * * LOW HITPOINT WARNING * * *
The seven-headed hydra bites you but does no damage.
You take 9 damage, and have 24/99 hp.
Your plate armour prevents you from hitting the seven-headed hydra.
The seven-headed hydra is heavily wounded.
The seven-headed hydra bites you but does no damage.
The seven-headed hydra bites you.
* * * LOW HITPOINT WARNING * * *
The seven-headed hydra bites you but does no damage.
The seven-headed hydra bites you!
* * * LOW HITPOINT WARNING * * *
The seven-headed hydra bites you but does no damage.
The seven-headed hydra bites you.
* * * LOW HITPOINT WARNING * * *
The seven-headed hydra bites you but does no damage.
You take 17 damage, and have 7/99 hp.
Okay, then.
The hippogriff barely misses you. The hippogriff pecks you.
* * * LOW HITPOINT WARNING * * *
The hippogriff claws you but does no damage.
You take 3 damage, and have 5/99 hp.
You feel much better.
The seven-headed hydra closely misses you.
You furiously retaliate!
You headbutt the seven-headed hydra.
The seven-headed hydra bites you but does no damage. x3
The seven-headed hydra barely misses you.
The seven-headed hydra bites you but does no damage.
The seven-headed hydra bites you!
* * * LOW HITPOINT WARNING * * *
You regained 25 hp, and now have 31/99 hp.
You barely miss the seven-headed hydra.
Your bludgeon misses the seven-headed hydra.
The seven-headed hydra is heavily wounded.
The seven-headed hydra bites you.
* * * LOW HITPOINT WARNING * * *
The seven-headed hydra bites you.
* * * LOW HITPOINT WARNING * * *
The seven-headed hydra bites you but does no damage. x4
The seven-headed hydra closely misses you.
You take 9 damage, and have 22/99 hp.
Unknown command.
Evoke which item? (* to show all) (? for menu, Esc to quit)
Aiming: Corrosive Bolt
Press: ? - help, Shift-Dir - straight line, f - hippogriff
Aim: a hippogriff (moderately wounded)
The bolt of acid hits the seven-headed hydra.
The seven-headed hydra is splashed with acid.
The seven-headed hydra is heavily wounded.
The bolt of acid hits the hippogriff.
The hippogriff is splashed with acid.
The hippogriff is severely wounded.
The seven-headed hydra bites you but does no damage.
The seven-headed hydra bites you.
* * * LOW HITPOINT WARNING * * *
The seven-headed hydra bites you but does no damage. x2
The seven-headed hydra barely misses you.
The seven-headed hydra bites you.
* * * LOW HITPOINT WARNING * * *
The seven-headed hydra closely misses you.
You take 9 damage, and have 13/99 hp.
Unknown command.
Unknown command.
Evoke which item? (* to show all) (? for menu, Esc to quit)
Aiming: Corrosive Bolt
Press: ? - help, Shift-Dir - straight line, f/p - hippogriff
Aim: a hippogriff (severely wounded)
The bolt of acid hits the seven-headed hydra.
The seven-headed hydra is splashed with acid.
The seven-headed hydra is almost dead.
The bolt of acid hits the hippogriff.
The hippogriff is splashed with acid.
The acid corrodes the hippogriff!
You kill the hippogriff!
Your Fighting skill increases to level 10!
Your Axes skill increases to level 13!
The seven-headed hydra bites you but does no damage.
The seven-headed hydra barely misses you.
The seven-headed hydra bites you but does no damage.
The seven-headed hydra barely misses you. x2
The seven-headed hydra bites you!
* * * LOW HITPOINT WARNING * * *
The seven-headed hydra bites you but does no damage.
You take 10 damage, and have 3/99 hp.
Unknown command.
Okay, then.
Evoke which item? (* to show all) (? for menu, Esc to quit)
Okay, then.
You feel much better. The seven-headed hydra bites you!
* * * LOW HITPOINT WARNING * * *
The seven-headed hydra bites you but does no damage.
The seven-headed hydra bites you!
* * * LOW HITPOINT WARNING * * *
The seven-headed hydra bites you.
You die...

##........#######......#..P..P..
##.#.#......P##.##...............
.............................P...
.................................
...........#.#...................
........#........................
..######.....+..###........
#........##D##.........
#....⌠...+.#@.#........
..##........#.............
.#.......##.#..###.........
#...⌠.....####..##.........
#............#.P##..P.P....
#..............##..........
..⌠.<.⌠..⌠...#.##P.........
#..............##..........
.............#.............


You could see a seven-headed hydra.

Vanquished Creatures
  3 hydras
  Pikel (D:7)
  A black mamba (Lair:1)
  A komodo dragon (Lair:1)
  A troll (D:9)
  A queen bee (Lair:2)
  3 hippogriffs
  A spriggan (D:7)
  Sigmund (D:2)
  Eustachio (D:5)
  17 yaks
  Menkaure (D:6)
  Edmund (D:4)
  Duvessa (D:5)
  A water moccasin (Lair:1)
  2 ice beasts (D:8)
  A phantom (D:5)
  3 ogres
  6 wolves (Lair:1)
  2 crocodiles (Lair:2)
  An elf zombie (Ossuary)
  4 bullfrogs
  Dowan (D:5)
  3 scorpions
  9 killer bees
  5 wights (D:6)
  A crimson imp (D:8)
  3 centaur zombies
  2 hounds
  2 orc priests
  A gnoll shaman (D:8)
  4 human zombies (Ossuary)
  Crazy Yiuf (D:2)
  A bullfrog skeleton (D:8)
  4 orc wizards
  5 worker ants
  A killer bee zombie (D:7)
  2 big kobold zombies (Ossuary)
  2 mummies (Ossuary)
  5 adders
  3 gnolls (D:8)
  2 shadow imps
  An adder zombie (Ossuary)
  An adder skeleton (D:4)
  2 worms (D:2)
  3 dart slugs
  3 leopard geckos
  12 orcs
  4 ball pythons
  4 bats
  5 giant cockroaches
  8 goblins
  8 hobgoblins
  A quokka (D:2)
  3 frilled lizards (D:1)
  A giant cockroach zombie (D:6)
  9 hobgoblin zombies (Ossuary)
  A jackal skeleton (D:6)
  3 jackal zombies
  13 kobolds
  5 kobold zombies (Ossuary)
  A leopard gecko skeleton (D:7)
  11 orc zombies (Ossuary)
  9 rats
  A plant (D:10)
220 creatures vanquished.

Vanquished Creatures (collateral kills)
  A komodo dragon (D:10)
  2 yaks (D:10)
  A bullfrog zombie (D:10)
4 creatures vanquished.

Vanquished Creatures (others)
  The ghost of grisnicke the Grappler, a novice TrSk of Elyvilon (D:9)
  The ghost of Ektor the Thaumaturge, a novice DECj (D:6)
  A wyvern (D:9)
  2 yaks (D:9)
  A water moccasin (Lair:2)
  A black bear (Lair:1)
  An ice beast (D:7)
  A centaur (D:6)
  A crocodile (Lair:2)
  2 big kobolds
  A bullfrog (D:9)
  A water moccasin skeleton (D:6)
  41 jellies
  3 orc priests
  6 orc wizards
  A worker ant (D:6)
  4 gnolls (D:5)
  4 shadow imps
  An adder zombie (D:5)
  A dart slug (D:5)
  2 leopard geckos
  13 orcs
  3 kobolds (D:8)
  A bat (D:3)
  A rat (D:3)
  A butterfly (Lair:2)
  3 fungi
  3 plants
102 creatures vanquished.

Grand Total: 326 creatures vanquished

Notes
Turn   | Place    | Note
-------+----------+-------------------------------------------
     0 | D:1      | Monsterracer the Minotaur Wanderer began the quest for the Orb.
     0 | D:1      | Monsterracer set off with: a +2 hand crossbow, 25 bolts, a scroll of teleportation, a potion of lignification, a +0 robe, a ration
     0 | D:1      | Reached XP level 1. HP: 18/18 MP: 0/0
   213 | D:1      | Reached XP level 2. HP: 25/25 MP: 1/1
  1021 | D:2      | Reached skill level 1 in Axes
  1021 | D:2      | Reached XP level 3. HP: 22/30 MP: 2/2
  1249 | D:2      | Found a faded altar of an unknown god.
  1270 | D:2      | Noticed Sigmund
  1279 | D:2      | Killed Sigmund
  1279 | D:2      | Reached skill level 3 in Axes
  1279 | D:2      | Reached XP level 4. HP: 31/39 MP: 3/3
  1279 | D:2      | Reached XP level 5. HP: 36/45 MP: 4/4
  1279 | D:2      | HP: 33/67 [giant cockroach (2)]
  1285 | D:2      | HP: 31/67 [poisoned by an adder]
  1291 | D:2      | HP: 28/67 [poisoned by an adder]
  1299 | D:2      | HP: 28/67 [poisoned by an adder]
  1431 | D:2      | Became a worshipper of Jiyva Jaeryowo the Shapeless
  1431 | D:2      | Reached * piety under Jiyva
  1610 | D:2      | Reached ** piety under Jiyva
  1768 | D:2      | Found a runed door.
  1773 | D:2      | Noticed Crazy Yiuf
  1776 | D:2      | Killed Crazy Yiuf
  1776 | D:2      | Reached skill level 5 in Crossbows
  1991 | D:2      | Reached XP level 6. HP: 44/52 MP: 5/5
  2508 | D:3      | Found a white marble altar of Elyvilon.
  2625 | D:4      | Found Yscher's Book Boutique.
  2662 | D:4      | Found Suskixij's Antique Weapon Shop.
  2676 | D:3      | Reached skill level 4 in Axes
  2704 | D:3      | Reached skill level 5 in Armour
  2875 | D:4      | Found Yngysati's Magic Scroll Boutique.
  2882 | D:4      | Bought a scroll of teleportation for 33 gold pieces
  2882 | D:4      | Bought a scroll of teleportation for 33 gold pieces
  2921 | D:4      | Reached *** piety under Jiyva
  3014 | D:4      | Gained mutation: You are covered in slimy tendrils that may disarm your opponents. [Jiyva's grace]
  3079 | D:4      | Reached XP level 7. HP: 51/60 MP: 6/6
  3091 | D:4      | HP: 30/60 [poisoned by a scorpion]
  3097 | D:4      | HP: 26/60 [poisoned by a scorpion]
  3103 | D:4      | HP: 23/60 [poisoned by a scorpion]
  3108 | D:4      | HP: 22/60 [poisoned by a scorpion]
  3115 | D:4      | HP: 22/60 [poisoned by a scorpion]
  3123 | D:4      | HP: 21/60 [poisoned by a scorpion]
  3318 | D:4      | Reached **** piety under Jiyva
  3408 | D:4      | Reached skill level 5 in Axes
  3456 | D:4      | Found a glowing golden altar of the Shining One.
  3470 | D:4      | Noticed Edmund
  3498 | D:4      | Killed Edmund
  3618 | D:5      | Entered Level 5 of the Dungeon
  3761 | D:5      | Found a staircase to the Ecumenical Temple.
  3817 | D:5      | Gained mutation: You are robust. (+10% HP) [Jiyva's grace]
  3849 | D:5      | Reached ***** piety under Jiyva
  3901 | D:5      | Noticed Eustachio
  3914 | D:5      | Killed Eustachio
  3939 | D:5      | Found a sand-covered staircase.
  3946 | Ossuary  | Entered an ossuary
  4052 | Ossuary  | Reached skill level 5 in Fighting
  4157 | Ossuary  | Reached skill level 6 in Axes
  4157 | Ossuary  | Reached XP level 8. HP: 63/74 MP: 7/7
  4466 | D:5      | Noticed Dowan
  4467 | D:5      | Noticed Duvessa
  4483 | D:5      | Killed Duvessa
  4483 | D:5      | Killed Dowan
  4484 | D:5      | Gained mutation: You have a small jelly attached to you that senses nearby items. [Jiyva's grace]
  4521 | D:5      | Found a sacrificial altar of Ru.
  5078 | D:6      | Noticed Menkaure
  5084 | D:6      | Killed Menkaure
  5084 | D:6      | Reached skill level 7 in Axes
  5350 | D:6      | HP: 37/77 [yak (9)]
  5377 | D:6      | HP: 28/77 [yak (7)]
  5379 | D:6      | Reached XP level 9. HP: 29/82 MP: 8/8
  5483 | D:6      | Lost mutation: You are robust. (+10% HP) [Jiyva's grace]
  5519 | D:6      | Reached skill level 8 in Axes
  5573 | D:6      | Killed Ektor's ghost
  6480 | D:7      | Found a glowing silver altar of Zin.
  6482 | D:7      | Noticed Pikel
  6503 | D:7      | Killed Pikel
  6503 | D:7      | Reached skill level 9 in Axes
  6669 | D:7      | Gained mutation: You are partially covered in molten scales. (AC +2) [Jiyva's grace]
  6765 | D:7      | Found Peenih's General Store.
  6833 | D:7      | Found a blossoming altar of Fedhas.
  7066 | D:7      | Reached ****** piety under Jiyva
  7668 | D:8      | Gained mutation: Your flesh is heat resistant. (rF+) [Jiyva's grace]
  8242 | D:9      | Noticed grisnicke's ghost (novice TrSk)
  8259 | D:9      | Killed grisnicke's ghost
  8259 | D:9      | Reached XP level 10. HP: 45/86 MP: 9/9
  8299 | D:9      | Found a bloodstained altar of Trog.
  8488 | D:9      | Reached skill level 10 in Axes
  8488 | D:9      | Reached skill level 10 in Crossbows
  8501 | D:9      | HP: 40/88 [yak (7)]
  8503 | D:9      | HP: 19/88 [yak (5)]
  8506 | D:9      | Gained mutation: Armour fits poorly on your pseudopods. [Jiyva's grace]
  8954 | D:10     | Entered Level 10 of the Dungeon
  8963 | D:10     | Found a staircase to the Lair.
  8997 | D:10     | HP: 31/88 [komodo dragon (25)]
  8998 | D:10     | HP: 10/88 [komodo dragon (21)]
  9331 | Lair:1   | Entered Level 1 of the Lair of Beasts
  9335 | Lair:1   | Noticed a five-headed hydra
  9365 | D:10     | HP: 41/88 [five-headed hydra (7)]
  9367 | D:10     | Killed a five-headed hydra
  9367 | D:10     | Reached skill level 11 in Axes
  9374 | D:10     | HP: 40/90 [yak (2)]
  9632 | Lair:1   | Noticed a six-headed hydra
  9640 | Lair:1   | Killed a six-headed hydra
  9640 | Lair:1   | Reached skill level 12 in Axes
  9640 | Lair:1   | Reached XP level 11. HP: 65/97 MP: 10/10
  9741 | Lair:1   | Gained mutation: Your flesh is cold resistant. (rC+) [Jiyva's grace]
  9801 | Lair:1   | HP: 47/97 [black mamba (2)]
  9806 | Lair:1   | HP: 36/97 [poisoned by a black mamba]
  9811 | Lair:1   | HP: 27/97 [poisoned by a black mamba]
  9816 | Lair:1   | HP: 21/97 [poisoned by a black mamba]
  9821 | Lair:1   | HP: 17/97 [poisoned by a black mamba]
  9826 | Lair:1   | HP: 14/97 [poisoned by a black mamba]
  9832 | Lair:1   | HP: 13/97 [poisoned by a black mamba]
  9838 | Lair:1   | HP: 12/97 [poisoned by a black mamba]
  9846 | Lair:1   | HP: 13/97 [poisoned by a black mamba]
 10199 | Lair:1   | HP: 44/97 [komodo dragon (15)]
 10502 | Lair:2   | HP: 46/97 [killer bee (6)]
 10722 | Lair:2   | HP: 47/97 [killer bee (4)]
 10728 | Lair:2   | HP: 24/97 [poisoned by a killer bee]
 10733 | Lair:2   | HP: 22/97 [poisoned by a killer bee]
 10737 | Lair:2   | HP: 6/97 [queen bee (7)]
 10739 | Lair:2   | Reached skill level 10 in Armour
 10743 | Lair:2   | HP: 27/99 [poisoned by a killer bee]
 10749 | Lair:2   | HP: 27/99 [poisoned by a killer bee]
 10757 | Lair:2   | HP: 27/99 [poisoned by a killer bee]
 11176 | Lair:2   | Noticed a four-headed hydra
 11193 | Lair:2   | Killed a four-headed hydra
 11231 | Lair:2   | Noticed a seven-headed hydra
 11255 | Lair:2   | HP: 47/99 [seven-headed hydra (9)]
 11257 | Lair:2   | HP: 18/99 [seven-headed hydra (6)]
 11257 | Lair:2   | HP: 7/99 [seven-headed hydra (3)]
 11266 | Lair:2   | HP: 31/99 [seven-headed hydra (7)]
 11269 | Lair:2   | HP: 13/99 [seven-headed hydra (6)]
 11270 | Lair:2   | Reached skill level 10 in Fighting
 11270 | Lair:2   | Reached skill level 13 in Axes
 11270 | Lair:2   | HP: 3/99 [seven-headed hydra (11)]
 11271 | Lair:2   | HP: 1/99 [seven-headed hydra (8)]
 11271 | Lair:2   | Slain by a seven-headed hydra

Skill      XL: |  1  2  3  4  5  6  7  8  9 10 11 |
---------------+----------------------------------+-----
Armour         | 4 5 6 7 9 10 | 10.2
Axes           | 1 3 4 6 7 9 12 13 | 13.0
Fighting       | 3 4 5 6 7 9 10 | 10.0
Crossbows      | 4 5 6 8 9 10 | 10.0
Throwing       | |  1.0
Stealth        | |  1.0

Action                   |  1- 3 |  4- 6 |  7- 9 | 10-12 || total
-------------------------+-------+-------+-------+-------++-------
Melee: Hand axe          |    48 |   145 |   514 |   276 ||   983
       Headbutt          |    10 |    18 |   106 |    67 ||   201
       Hand crossbow     |       |       |    12 |       ||    12
       Pseudopods        |       |       |       |    58 ||    58
       Flail             |       |       |       |    42 ||    42
 Fire: Hand crossbow     |    12 |    26 |    15 |    11 ||    64
Evoke: Wand              |       |       |       |     2 ||     2
  Use: Potion            |     1 |       |       |     3 ||     4
       Scroll            |       |     7 |     6 |     1 ||    14
 Stab: Sleeping          |     1 |       |       |       ||     1
  Eat: Chunk             |     1 |     4 |     1 |       ||     6
Armor: Robe              |     3 |       |       |       ||     3
       Ring mail         |    15 |       |       |       ||    15
       Skin              |    34 |    16 |       |       ||    50
       Chain mail        |     9 |    29 |       |       ||    38
       Plate armour      |       |    87 |   389 |   299 ||   775
Dodge: Dodged            |    36 |    61 |   206 |   135 ||   438

Vault maps used:
D:1:      dpeg_arrival_water_temple_mockup, corner_web_ring
D:2:      chequers_ecumenical_altar_simple_redux, uniq_sigmund,
          uniq_crazy_yiuf_cottage
D:3:      elyvilon_altar_5
D:4:      tso_metal_star, serial_shops, nicolae_shop_stone, shop_statue,
          nicolae_shop_crystal, uniq_edmund
D:5:      kennysheep_mini_moat, temple_fountains, first_ration, enter_ossuary_5,
          uniq_duvessa, uniq_eustachio
D:6:      uniq_menkaure
D:7:      zin_academy, fedhas_altar_1, serial_shops, shop, the_bakery,
          minmay_stone_trees_small, uniq_pikel
D:8:      lemuel_old_faithful
D:9:      bloody_trog
D:10:     david_lair_shrubbed, minmay_orc_entry_guard_dogs,
          kennysheep_pointless_box, uniq_josephine
Lair:1:   hibernation_bobbens
Lair:2:   spider_nest_entry_rubble, grunt_megastairs_3, lemuel_fruit_tree,
          lemuel_fruit_fields, infiniplex_staircase_pool
Ossuary:  ossuary_tomb_1
